Map: Abyssal Reef LE

Players

FisterRoboto - Winner!

  • Race: Zerg Zerg
  • League: Diamond
  • Spawn Location: 11:00

A.I. 1 (Very Easy)

  • Race: Terran Terran
  • Spawn Location: 5:00

VOD

Have the link to the VOD?

Description

Time

  • Played on: Sept. 5, 2017, 9:51 p.m.
  • Length: 9:52
Show
View Real Time Build Order
Export as new Build Order

FisterRoboto Zerg - Winner!

Build Orders: Hatch First 

Get SALT Encoding   

  12  0:01  Drone  
  13  0:12  Overlord  
  13  0:17  Drone  
  14  0:30  Drone  
  14  0:31  Drone  
  16  0:38  Drone  
  17  0:53  Hatchery  
  17  0:56  Drone  
  17  1:00  Drone  
  18  1:11  Extractor  
  18  1:15  Spawning Pool  
  18  1:17  Drone  
  17  1:20  Drone  
  18  1:28  Drone  
  19  1:38  Drone  
  20  1:50  Overlord  
  20  2:04  Queen  
  20  2:05  Queen  
  20  2:06  Zergling x4  
  26  2:12  Drone  
  26  2:14  Metabolic Boost  
  27  2:16  Drone  
  28  2:32  Hatchery  
  28  2:36  Drone  
  28  2:37  Drone  
  28  2:42  Overlord  
  29  2:46  Drone  
  30  2:52  Queen  
  32  2:58  Drone  
  32  2:59  Drone  
  32  3:01  Drone  
  32  3:02  Drone  
  36  3:08  Drone  
  36  3:10  Drone  
  38  3:14  Drone x3  
  38  3:17  Overlord  
  41  3:24  Drone x3  
  44  3:28  Overlord  
  44  3:36  Drone x2  
  44  3:39  Queen  
  48  3:45  Queen  
  48  3:46  Drone  
  48  3:47  Drone  
  52  3:50  Drone  
  52  3:51  Drone  
  52  3:55  Drone x2  
  56  4:00  Evolution Chamber  
  56  4:01  Evolution Chamber  
  54  4:06  Drone  
  54  4:07  Drone x3  
  54  4:08  Drone  
  59  4:11  Drone x2  
  59  4:12  Drone  
  59  4:16  Drone  
  63  4:17  Overlord  
  63  4:27  Zerg Melee Weapons Level 1  
  63  4:29  Overlord x2  
  63  4:31  Zerg Ground Armor Level 1  
  63  4:32  Drone x3  
  63  4:36  Queen  
  68  4:40  Queen  
  68  4:42  Zergling x2  
  68  4:44  Overlord  
  71  4:45  Overlord  
  71  4:49  Zergling x6  
  71  4:51  Zergling x4  
  76  4:53  Zergling x2  
  76  4:54  Zergling x2  
  76  4:58  Zergling x2  
  79  5:00  Overlord  
  79  5:09  Baneling Nest  
  79  5:12  Zergling x10  
  79  5:13  Zergling x8  
  87  5:14  Overlord  
  87  5:28  Drone x3  
  90  5:30  Drone  
  90  5:33  Drone  
  92  5:37  Drone x6  
  97  5:46  Overlord x2  
  97  5:48  Extractor, Lair  
  97  5:49  Extractor  
  95  5:50  Extractor  
  95  5:52  Drone  
  95  5:53  Extractor x2, Drone x4  
  97  6:04  Hatchery  
  96  6:15  Hatchery  
  95  6:24  Drone x2  
  97  6:29  Zergling x18  
  106  6:47  Overlord x4  
  106  6:48  Overlord  
  106  6:52  Drone  
  106  6:53  Drone x8  
  106  6:54  Baneling x7  
  115  6:55  Centrifical Hooks, Baneling  
  115  6:56  Zerg Ground Armor Level 2, Zerg Melee Weapons Level 2  
  115  7:01  Drone x2  
  117  7:15  Drone x4  
  121  7:20  Hydralisk Den  
  121  7:22  Queen  
  122  7:25  Drone  
  122  7:26  Drone  
  124  7:35  Zergling x20  
  134  8:01  Hydralisk  
  134  8:02  Hydralisk x15  
  134  8:04  Muscular Augments  
  166  8:21  Hatchery  
  165  8:31  Zergling x2  
  165  8:32  Zergling x20  
  176  8:35  Overlord  
  176  8:36  Overlord x3  
  176  8:48  Zergling x10  
  181  8:55  Zergling x14  
  188  8:58  Zergling x4  
  188  8:59  Zergling x8  
  194  9:05  Zergling x2  
  194  9:07  Zergling x4  
  194  9:09  Zergling x4  
  199  9:22  Zergling x2  
Show
View Real Time Build Order
Export as new Build Order

A.I. 1 (Very Easy) Terran 

Build Orders:  

Get SALT Encoding   

  12  0:00  SCV  
  13  0:13  SCV  
  14  0:19  Supply Depot  
  14  0:36  Refinery  
  14  0:42  Barracks  
  14  1:06  Supply Depot  
  14  1:14  SCV  
  15  1:26  SCV  
  15  1:30  Marine  
  17  1:39  SCV  
  18  1:50  Reaper  
  18  1:51  SCV  
  20  2:03  SCV  
  21  2:15  SCV  
  22  2:28  Orbital Command  
  22  4:37  SCV, Marine  
  24  4:39  Refinery  
  24  4:42  Factory  
  24  4:46  Supply Depot  
  24  4:49  SCV  
  25  4:54  Command Center  
  25  5:07  SCV  
  25  5:10  Supply Depot  
  26  5:14  Marine  
  26  5:19  SCV  
  28  5:30  Starport  
  28  5:31  SCV  
  27  5:51  Marine  
  28  6:06  SCV  
  29  6:13  SCV  
  29  6:16  Refinery, Barracks Tech Lab  
  29  6:17  Starport Tech Lab  
  30  6:18  Refinery  
  30  6:20  SCV  
  31  6:27  SCV  
  32  6:34  SCV  
  32  6:35  Marauder, Raven  
  37  6:41  SCV  
  38  6:49  SCV  
  39  6:56  SCV  
  40  7:03  SCV  
  41  7:10  SCV  
  42  7:17  SCV  
  42  7:18  Raven  
  44  7:25  SCV  
  45  7:32  SCV  
  46  7:39  SCV  
  47  7:46  SCV  
  48  7:53  SCV  
  49  9:16  Marine  
  50  9:20  Supply Depot  
  50  9:22  SCV  
Tags
 
League
Diamond
Matchup
TvZ
Spawn Locations
Cross Positions
Add a new tag
Caveats
  • Supply blocks, unpowered buildings, or Contaminate may cause inaccurate times.
  • Supply counts are checked every 10 seconds.